 Dungeon Crawl Stone Soup version 0.26-a0-50-gc4d14cd842 (webtiles) character file.

Game seed: 18255199730328944497

250 Lanoc the Sneak (level 5, -4/27 HPs)
             Began as a Spriggan Assassin on June 4, 2020.
             Was a Follower of Dithmenos.
             Splashed by a jelly's acid (9 damage)
             ... on level 5 of the Dungeon.
             The game lasted 00:06:35 (3554 turns).

Lanoc the Sneak (Spriggan Assassin)                 Turns: 3554, Time: 00:06:37

Health: -4/27      AC:  3    Str:  7    XL:     5   Next: 88%
Magic:  6/6        EV: 20    Int: 12    God:    Dithmenos [*.....]
Gold:   184        SH:  0    Dex: 19    Spells: 4/4 levels left

rFire    . . .     SeeInvis +   a - +2 dagger
rCold    . . .     Gourm    .   (shield restricted)
rNeg     . . .     Faith    +   b - +0 robe
rPois    .         Spirit   .   (helmet restricted)
rElec    .         Reflect  .   c - +0 cloak
rCorr    .         Harm     .   (gloves unavailable)
MR       .....                  (boots unavailable)
Stlth    ++++......             p - amulet of faith
HPRegen  0.09/turn              i - ring of flight
MPRegen  0.10/turn              (no ring)

@: wreathed by umbra, very quick
A: very small, unfitting armour, see invisible, herbivore, speed 3, slow
metabolism 2
a: Renounce Religion, Evoke Flight


You were on level 5 of the Dungeon.
You worshipped Dithmenos.
Dithmenos was aware of your devotion.
You were hungry.

You visited 1 branch of the dungeon, and saw 5 of its levels.

You collected 184 gold pieces.

Inventory:

Hand Weapons
 a - a +2 dagger (weapon)
Missiles
 d - 8 poisoned darts (quivered)
 e - 2 curare-tipped darts
Armour
 b - a +0 robe (worn)
 c - a +0 cloak (worn)
Jewellery
 i - a ring of flight (left hand)
 p - an amulet of faith (around neck)
Scrolls
 g - 3 scrolls of identify {unknown}
 h - a scroll of remove curse {unknown}
 n - a scroll of fog {unknown}
 o - 3 scrolls of teleportation {unknown}
 q - a scroll of magic mapping {unknown}
 r - 2 scrolls of blinking {unknown}
Potions
 j - a potion of berserk rage {unknown}
 k - 2 potions of curing {unknown}
 l - a potion of brilliance {unknown}
 m - a potion of flight {unknown}
 s - 2 potions of haste {unknown}
Comestibles
 f - 8 rations


   Skills:
 + Level 2.5 Fighting
 * Level 4.5 Short Blades
 + Level 2.4 Throwing
 + Level 3.9 Dodging
 + Level 7.0 Stealth


You had 4 spell levels left.
You didn't know any spells.
Your spell library was empty.

Dungeon Overview and Level Annotations

Branches:
Dungeon (5/15)
 Temple: D:4-7

Altars:
Cheibriados
Dithmenos
Ru
Sif Muna
Yredelemnul

Shops:
D:4 :

Annotations:
D:3 cultivahabas's ghost, amateur HOMo


Innate Abilities, Weirdness & Mutations

You are very small and have problems with some larger weapons.
You are too small for most types of armour.
You have supernaturally acute eyesight. (SInv)
You are a herbivore.
You cover ground extremely quickly.
You need to consume almost no food.


Message History

You are feeling hungry.
The jelly is too close now for your liking.
The jelly quivers.
You hit the jelly.
Your hands burn!
The jelly is moderately wounded.
The jelly misses you.
You hit the jelly.
Your hands burn!
The jelly is heavily wounded.
The jelly closely misses you.
You hit the jelly.
Your hands burn!
The jelly is severely wounded.
The jelly misses you.
You are too injured to fight recklessly!
You hit the jelly.
Your hands burn!
* * * LOW HITPOINT WARNING * * *
The jelly is almost dead.
The jelly hits you.
* * * LOW HITPOINT WARNING * * *
You are splashed with acid!
You die...

.#... ....... .....
........ ...... #.....#
..$. #.....# #...
#.....####..## #
#.....##.....#
#.#.....###†# ...
#.....)..@J.# .#...
#.......##.### ...#
#......###...#####..#
##.....# ##.[......<#
#.....# #.........+
.......## ##.........# .
(...... ##..........# #.
#...... #...........###+#
.#.#
#......###.#..........##.#


You could see a jelly.

Vanquished Creatures
  A scorpion (D:5)
  3 worker ants
  A hound skeleton (D:5)
  3 gnolls (D:4)
  2 adders
  An ooze (D:4)
  2 dart slugs (D:2)
  3 leopard geckos
  6 bats
  5 giant cockroaches
  7 hobgoblins
  5 jackals
  A quokka (D:5)
  4 frilled lizards
  6 goblins
  A jackal skeleton (D:4)
  3 kobolds
  9 rats
63 creatures vanquished.

Notes
Turn   | Place    | Note
-------+----------+-------------------------------------------
     0 | D:1      | Lanoc the Spriggan Assassin began the quest for the Orb.
     0 | D:1      | Reached XP level 1. HP: 10/10 MP: 2/2
   115 | D:1      | Reached skill level 6 in Stealth
   119 | D:1      | Reached XP level 2. HP: 10/15 MP: 3/3
  1015 | D:2      | Reached XP level 3. HP: 16/18 MP: 4/4
  1397 | D:2      | Found a basalt altar of Yredelemnul.
  1401 | D:2      | Found a snail-covered altar of Cheibriados.
  1407 | D:2      | Found a shadowy altar of Dithmenos.
  1413 | D:2      | Found a shimmering blue altar of Sif Muna.
  1414 | D:2      | Found a sacrificial altar of Ru.
  1421 | D:2      | Became a worshipper of Dithmenos the Shadowed
  2097 | D:3      | Noticed a centaur
  2359 | D:3      | Found a runed translucent door.
  2360 | D:3      | Noticed a bullfrog
  2362 | D:3      | Noticed cultivahabas's ghost (amateur HOMo)
  2365 | D:3      | Reached XP level 4. HP: 23/23 MP: 5/5
  2506 | D:4      | Found Rahas's Book Shoppe.
  3044 | D:4      | Reached XP level 5. HP: 26/26 MP: 6/6
  3192 | D:5      | Entered Level 5 of the Dungeon
  3238 | D:5      | Reached * piety under Dithmenos
  3429 | D:5      | Reached skill level 7 in Stealth
  3554 | D:5      | Splashed by a jelly's acid

Illustrated notes

Levels and vault maps discovered:
D:1:      psy_arrival_whirlpool, layout_basic
D:2:      layout_basic, minitemple, minmay_domino_2
D:3:      layout_loops_ring, ebering_ghost_sewer_d, first_ration,
          palyth_stone_intersect
D:4:      layout_rooms, serial_shops, nicolae_shop_stone
D:5:      layout_rooms, minmay_temple_entry_glassed_door, serial_bayou_pond_c

Skill      XL: |  1  2  3  4  5 |
---------------+----------------+-----
Stealth        | 6 7 |  7.0
Dodging        | 2 3 |  3.9
Short Blades   | 3 4 |  4.5
Fighting       | 2 |  2.5
Throwing       | |  2.4

Action                   |  1- 3 |  4- 6 || total
-------------------------+-------+-------++-------
Melee: Dagger            |   182 |    50 ||   232
Throw: Dart              |     4 |    14 ||    18
 Stab: Sleeping          |    14 |     5 ||    19
       Distracted        |     1 |       ||     1
Armor: Robe              |    23 |     3 ||    26
Dodge: Dodged            |   155 |    38 ||   193

Table legend:
 A = Non-vault XP
 B = Vault XP
 C = Vault XP percentage of total XP
 D = Non-vault monster count
 E = Vault monster count
 F = Vault count percentage of total count
                 A         B        C        D         E       F
            +---------+---------+-------+---------+---------+-------
      Total |     342 |      16 |   4.5 |      60 |       3 |   4.8
            +---------+---------+-------+---------+---------+-------
        D:1 |      37 |       0 |   0.0 |      24 |       0 |   0.0
        D:2 |      49 |       2 |   3.9 |      20 |       2 |   9.1
        D:3 |       8 |      14 |  63.6 |       4 |       1 |  20.0
        D:4 |      89 |       0 |   0.0 |       6 |       0 |   0.0
        D:5 |     159 |       0 |   0.0 |       6 |       0 |   0.0
            +---------+---------+-------+---------+---------+-------
